 Dungeon Crawl Stone Soup version 0.29.1-15-g9cfb28693d (webtiles) character file.

Game seed: 17461062645771501907

73 protoss039 the Digger (level 4, 33/33 HPs)
             Began as a Demonspawn Earth Elementalist on Mar 2, 2023.
             Got out of the dungeon alive.
             The game lasted 00:02:00 (1836 turns).

protoss039 the Digger (DsEE)                        Turns: 1836, Time: 00:02:00

Health: 33/33      AC:  3    Str:  8    XL:     4   Next: 8%
Magic:  8/8        EV: 12    Int: 18    God:
Gold:   56         SH:  0    Dex: 14    Spells: 5/8 levels left

rFire   . . .      SeeInvis .   g - +0 long sword
rCold   . . .      Faith    .   (no shield)
rNeg    . . .      Spirit   .   a - +0 robe
rPois   .          Reflect  .   (no helmet)
rElec   .          Harm     .   (no cloak)
rCorr   .          Rampage  .   (no gloves)
Will    .....                   i - +0 pair of boots
Stlth   ++........              (no amulet)
HPRegen 0.11/turn               (no ring)
MPRegen 0.11/turn               (no ring)

@: no status effects
A: demonic guardian 1, demonic touch 2
a: no special abilities


You escaped.
You visited 1 branch of the dungeon, and saw 2 of its levels.

You collected 56 gold pieces.

Inventory:

Hand Weapons
 g - a +0 long sword (weapon)
Armour
 a - a +0 robe (worn)
 i - a +0 pair of boots (worn)
Scrolls
 c - 2 scrolls of enchant armour {unknown}
 h - 3 scrolls of identify {unknown}
 j - a scroll of teleportation {unknown}
 l - a scroll of vulnerability {unknown}
Potions
 b - a potion of magic
 d - 2 potions of curing {unknown}
 e - 2 potions of ambrosia {unknown}
 f - a potion of berserk rage {unknown}
 k - a potion of cancellation {unknown}


   Skills:
 + Level 1.9 Fighting
 - Level 1.7 Dodging
 - Level 1.7 Stealth
 + Level 2.8 Spellcasting
 - Level 0.8 Transmutations
 + Level 3.4 Earth Magic


You had 5 spell levels left.
You knew the following spells:

 Your Spells              Type           Power      Damage    Failure   Level
a - Sandblast             Erth           28%        2d8       4%          1
b - Passwall              Tmut/Erth      8%         N/A       11%         2

Your spell library contained the following spells:

 Spells                   Type           Power      Damage    Failure   Level
 Stone Arrow              Conj/Erth      16%        3d8       24%         3
 Petrify                  Tmut/Erth      10%        N/A       56%         4


Dungeon Overview and Level Annotations

Branches:
Dungeon (2/15) Zot: 10133

Altars:


Innate Abilities, Weirdness & Mutations

A weak demonic guardian rushes to your aid.
Your touch may inflict irresistible damage on your foes.


Message History

Casting: Sandblast (safe; 4% risk of failure)
Confirm with . or Enter, or press ? or * to list all spells.
Aiming: Sandblast (safe; 4% risk of failure)
Press: ? - help, Shift-Dir - straight line, f - adder
Aim: an adder (asleep, 100% to hit)
The blast of sand hits the adder.
The adder is heavily wounded.
The adder hisses angrily.
Unknown command.
Casting: Sandblast (safe; 4% risk of failure)
Confirm with . or Enter, or press ? or * to list all spells.
Aiming: Sandblast (safe; 4% risk of failure)
Press: ? - help, Shift-Dir - straight line, f/p - adder
Aim: an adder (heavily wounded, 70% to hit)
The blast of sand hits the adder!
You kill the adder!
You have reached level 4!
You feel agile.
Your demonic ancestry asserts itself...
You feel the presence of a demonic guardian.
You see here an adder corpse.
You now have 56 gold pieces (gained 7).
A kobold comes into view. It is wielding a +0 dagger.
Unknown command.
You see here an adder corpse.
There is a stone staircase leading down here.
You see here a frilled lizard corpse.
There is a stone staircase leading up here.
You climb upwards.
There is a stone staircase leading down here.
Unknown command.
Unknown command.
You open the door.
There is an open door here.
The barachi shouts!
The demonspawn shouts!
The minotaur bellows!
The octopode shouts!
There is a staircase leading out of the dungeon here.
Are you sure you want to leave the Dungeon?
This will make you lose the game!
You have escaped!

### ##@##
###...###
#Z#...#Z#
###...###
#x#...#Z#
###...###
#^#...#^#
####
####..###
...#
#Z#..#Z#


You could see a draconian zombie and a naga skeleton.

Vanquished Creatures
  3 adders (D:2)
  A dart slug (D:1)
  3 ball pythons (D:1)
  3 endoplasms
  A giant cockroach (D:1)
  2 goblins (D:1)
  6 hobgoblins (D:1)
  3 jackals (D:1)
  3 kobolds (D:1)
  4 quokkas (D:1)
  2 bats (D:1)
  4 frilled lizards
  7 rats (D:1)
42 creatures vanquished.

Notes
Turn   | Place    | Note
-------+----------+-------------------------------------------
     0 | D:1      | protoss039 the Demonspawn Earth Elementalist began the
                  | quest for the Orb.
     0 | D:1      | Reached XP level 1. HP: 13/13 MP: 3/3
     1 | D:1      | Noticed an octopode
     8 | D:1      | Noticed a minotaur skeleton
     9 | D:1      | Noticed a minotaur
    12 | D:1      | Noticed a minotaur skeleton
    14 | D:1      | Noticed a demonspawn
    16 | D:1      | Noticed a minotaur zombie
    18 | D:1      | Noticed a barachi
    18 | D:1      | Noticed a vampire
    20 | D:1      | Noticed a merfolk zombie
   327 | D:1      | Discovered your monstrous ancestry.
   327 | D:1      | Gained mutation: Your touch may inflict minor irresistible
                  | damage on your foes. [demonic ancestry]
   327 | D:1      | Reached XP level 2. HP: 20/20 MP: 3/5
   527 | D:1      | Reached skill level 1 in Fighting
   606 | D:1      | Reached skill level 3 in Earth Magic
   970 | D:1      | Found a faded altar of an unknown god.
   977 | D:1      | Gained mutation: Your touch may inflict irresistible damage
                  | on your foes. [demonic ancestry]
   977 | D:1      | Reached XP level 3. HP: 26/26 MP: 6/6
  1294 | D:1      | Learned a level 2 spell: Passwall
  1706 | D:2      | Gained mutation: A weak demonic guardian rushes to your
                  | aid. [demonic ancestry]
  1706 | D:2      | Reached XP level 4. HP: 33/33 MP: 5/8
  1836 | D:$      | Got out of the dungeon alive.

Illustrated notes

Levels and vault maps discovered:
D:1:      shiori_arrival_whats_in_store_for_you, layout_basic,
          shapermc_ecumenical_altar_totnotflames, minmay_tromino_v7
D:2:      layout_loops_ring

Skill      XL: |  1  2 |
---------------+-------+-----
Fighting       | 1 |  1.9
Earth Magic    | 3 |  3.4
Dodging        | |  1.7
Stealth        | |  1.7
Spellcasting   | |  2.8
Transmutations | |  0.8

Action                   |  1- 3 |  4- 6 || total
-------------------------+-------+-------++-------
Melee: Unarmed           |    36 |       ||    36
       Long sword        |    44 |       ||    44
       Touch             |    15 |       ||    15
 Cast: Sandblast         |    24 |       ||    24
 Stab: Sleeping          |     3 |       ||     3
Armor: Robe              |    31 |       ||    31
Dodge: Dodged            |    83 |       ||    83
